 Dungeon Crawl Stone Soup version 0.30.0-29-ga12c61a403 (webtiles) character file.

Game seed: 9517284737560382277

277 cdecastro the Skirmisher (level 6, -6/50 HPs)
             Began as a Minotaur Hunter on June 12, 2023.
             Succumbed to an orc wizard's poison
             ... on level 4 of the Dungeon.
             The game lasted 00:05:10 (2458 turns).

cdecastro the Skirmisher (Minotaur Hunter)          Turns: 2458, Time: 00:05:10

Health: -6/50      AC:  3    Str: 14 (17) XL:     6   Next: 4%
Magic:  5/5        EV: 12    Int:  3 (6)  God:
Gold:   97         SH:  0    Dex: 13 (14) Spells: 5/5 levels left

rFire   . . .        a - +0 shortbow
rCold   . . .        (shield currently unavailable)
rNeg    . . .        c - +0 leather armour
rPois   .            (helmet restricted)
rElec   .            (no cloak)
rCorr   .            (no gloves)
SInv    .            (no boots)
Will    .....        (no amulet)
Stlth   +            (no ring)
HPRegen 0.28/turn    (no ring)
MPRegen 0.09/turn

%: no passive effects
@: lethally poisoned (-6 -> -34)
A: horns 2, retaliatory headbutt
a: no special abilities


You were on level 4 of the Dungeon.
You visited 1 branch of the dungeon, and saw 4 of its levels.

You collected 97 gold pieces.

Inventory:

Hand Weapons
 a - a +0 shortbow (weapon)
Armour
 c - a +0 leather armour (worn)
Scrolls
 b - 3 scrolls of immolation
 h - 2 scrolls of identify {unknown}
 i - a scroll of blinking {unknown}
 j - a scroll of teleportation {unknown}
 k - 3 scrolls of enchant armour {unknown}
 o - a scroll of enchant weapon {unknown}
 p - 2 scrolls of vulnerability {unknown}
 r - a scroll of silence {unknown}
Potions
 d - a potion of magic {unknown}
 e - 2 potions of attraction
 f - a potion of mutation {unknown}
 g - a potion of berserk rage {unknown}
 m - a potion of might
 n - a potion of cancellation


   Skills:
 - Level 2.4 Fighting
 + Level 8.1 Ranged Weapons
 - Level 2.1 Dodging
 - Level 0.7 Stealth


You had 5 spell levels left.
You didn't know any spells.
Your spell library contained the following spells:

 Spells                   Type           Power      Damage    Failure   Level
 Inner Flame              Hex/Fire       0%         N/A       93%         3
 Yara's Violent Unravell  Hex/Tmut       0%         3d3       100%        5
 Enfeeble                 Hex            0%         N/A       100%        7


Dungeon Overview and Level Annotations

Branches:
Dungeon (4/15)
 Temple: D:4-7

Altars:
Fedhas


Innate Abilities, Weirdness & Mutations

You have a pair of horns on your head.
You reflexively headbutt those who attack you in melee.


Message History

Unknown command.
You shoot an arrow. The arrow hits the orc.
You kill the orc!
The orc is attracted toward you.
Unknown command.
You shoot an arrow. The arrow closely misses the orc.
Something hits you.
* * * LOW HITPOINT WARNING * * *
Unknown command.
You shoot an arrow. The arrow hits the orc.
The orc is heavily wounded.
Something hits you but does no damage.
You are lethally poisoned!
Unknown command.
You feel better.
You hear some strange, mumbled words.
You are confused.
You bump into the rock wall.
Something hits you.
* * * LOW HITPOINT WARNING * * *
You are lethally poisoned!
Unknown command.
It was a potion of might.
You feel very mighty all of a sudden.
* * * LOW HITPOINT WARNING * * *
You feel very sick. Something hits you but does no damage.
You are more poisoned.
It was a potion of cancellation.
Your magical effects are unravelling.
You feel magically purged.
You feel less confused.
You feel a little less mighty now.
* * * LOW HITPOINT WARNING * * *
You feel very sick. Something hits you.
* * * LOW HITPOINT WARNING * * *
You are more poisoned.
You feel less attractive to monsters.
It was a potion of degeneration.
There was something very wrong with that liquid.
You feel weakened.
You feel dopey.
You feel clumsy.
You die...

. #.# o#
##.##.## .o
###..#...##.#
...........#
#.........# #)#
#o# #{# #@# ###
#.# ..# #.# #.#
######.# #.#
#......#
#.###......####
#.............#
#.###......##.#
#.# #.......#.#


You could see an orc.

Vanquished Creatures
  2 scorpions
  A hound (D:4)
  An orc priest (D:4)
  3 adders (D:2)
  2 worms
  4 dart slugs
  2 orcs (D:4)
  7 endoplasms
  2 giant cockroaches (D:1)
  8 goblins
  4 hobgoblins
  2 jackals (D:1)
  2 quokkas
  6 ball pythons
  6 bats
  7 frilled lizards
  2 kobolds
  9 rats
70 creatures vanquished.

Notes
Turn   | Place    | Note
-------+----------+-------------------------------------------
     0 | D:1      | cdecastro the Minotaur Hunter began the quest for the Orb.
     0 | D:1      | Reached XP level 1. HP: 18/18 MP: 0/0
   226 | D:1      | Reached XP level 2. HP: 25/25 MP: 1/1
   304 | D:1      | Reached skill level 5 in Ranged Weapons
   535 | D:1      | Reached XP level 3. HP: 30/30 MP: 2/2
  1066 | D:2      | Reached skill level 6 in Ranged Weapons
  1339 | D:2      | Reached XP level 4. HP: 37/37 MP: 3/3
  2056 | D:3      | Noticed a scorpion
  2067 | D:3      | Killed a scorpion
  2068 | D:3      | Reached skill level 7 in Ranged Weapons
  2068 | D:3      | Reached XP level 5. HP: 42/42 MP: 4/4
  2157 | D:4      | Found a blossoming altar of Fedhas.
  2441 | D:4      | Reached skill level 8 in Ranged Weapons
  2441 | D:4      | Reached XP level 6. HP: 18/50 MP: 5/5
  2449 | D:4      | HP: 1/50 [something/magic dart (4)]
  2457 | D:4      | HP: 1/50 [something (3)]
  2458 | D:4      | Succumbed to an orc wizard's poison

Illustrated notes

Levels and vault maps discovered:
D:1:      dpeg_arrival_prison, layout_loops_ring, chequers_garden
D:2:      layout_basic
D:3:      layout_basic
D:4:      layout_loops_corners, gammafunk_temple_overflow_statue,
          mainiacjoe_overflow_alcove_4, minmay_temple_entry_slanted,
          uniq_grinder

Skill      XL: |  1  2  3  4  5 |
---------------+----------------+-----
Ranged Weapons | 5 6 7 8 |  8.1
Fighting       | |  2.4
Dodging        | |  2.1
Stealth        | |  0.7

Action                     |  1- 3 |  4- 6 || total
---------------------------+-------+-------++-------
   Fire: Shortbow          |   109 |    74 ||   183
    Use: Potion            |       |     7 ||     7
 Armour: Leather armour    |     7 |     9 ||    16
  Dodge: Dodged            |    27 |    19 ||    46
